 Dungeon Crawl Stone Soup version 0.22-a0-196-gee22f27 (webtiles) character file.

585 Gower739 the Chopper (level 7, -2/60 HPs)
             Began as a Minotaur Berserker on Feb 17, 2018.
             Was a Priest of Trog.
             Blown up by Ijyb (21 damage)
             ... with a wand of disintegration (11)
             ... on level 3 of the Dungeon.
             The game lasted 00:20:37 (2169 turns).

Gower739 the Chopper (Minotaur Berserker)           Turns: 2169, Time: 00:20:37

Health: -2/60      AC: 11    Str: 23    XL:     7   Next: 15%
Magic:  6/6        EV:  7    Int:  4    God:    Trog [***...]
Gold:   143        SH: 14    Dex: 10    Spells: 6/6 levels left

rFire    . . .     SeeInvis .   a - +0 hand axe
rCold    . . .     Gourm    .   n - +0 large shield {AC+3}
rNeg     . . .     Faith    .   r - +0 scale mail
rPois    .         Spirit   .   (helmet restricted)
rElec    .         Reflect  .   D - +0 cloak
rCorr    .         Harm     .   (no gloves)
MR       .....                  (no boots)
Stlth    ..........             (no amulet)
HPRegen  0.20/turn              (no ring)
MPRegen  0.10/turn              (no ring)

@: no status effects
A: retaliatory headbutt, horns 2
a: Berserk, Trog's Hand, Burn Spellbooks, Renounce Religion


You were on level 3 of the Dungeon.
You worshipped Trog.
Trog was most pleased with you.
You were not hungry.

You visited 1 branch of the dungeon, and saw 3 of its levels.

You collected 143 gold pieces.

Inventory:

Hand Weapons
 a - a +0 hand axe (weapon)
 g - a +0 club
 j - a +0 spear
 l - a +0 club
 m - a +0 spear
 s - a +0 club
 t - a +0 club
 y - a +0 mace
 C - a +4 quarterstaff of chaos
 F - a +0 hand axe
Missiles
 d - 58 bolts
 h - 111 stones
 o - a throwing net (quivered)
 p - 26 sling bullets
Armour
 b - a +0 animal skin
 e - a +0 leather armour
 n - a +0 large shield of protection (worn)
 q - a +0 leather armour
 r - a +0 scale mail (worn)
 v - a +0 ring mail
 D - a +0 cloak (worn)
 G - a +0 leather armour
Jewellery
 k - an uncursed ring of loudness
 H - an uncursed ring of flight {unknown}
Scrolls
 f - a scroll of identify
 i - a scroll of noise
 w - a scroll of fog
 x - a scroll of magic mapping
 I - a scroll of remove curse
Potions
 u - a potion of haste {unknown}
 z - a potion of curing
 A - a potion of flight {unknown}
 B - a potion of degeneration {unknown}
 E - a potion of heal wounds
Comestibles
 c - 2 rations


   Skills:
 + Level 4.6 Fighting
 + Level 7.0 Axes
 + Level 4.1 Armour
 + Level 3.5 Dodging
 + Level 0.2 Stealth
 + Level 3.9 Shields


You had 6 spell levels left.
You didn't know any spells.

Dungeon Overview and Level Annotations

Branches:
Dungeon (3/15)

Altars:

Annotations:
D:2 D3
D:3 Ijyb


Innate Abilities, Weirdness & Mutations

You reflexively headbutt those who attack you in melee.
You have a pair of horns on your head.


Message History

Found 22 arrows.
Ijyb zaps a wand.
You are blasted!
It is a wand of disintegration (14).
You hit Ijyb.
Ijyb is lightly wounded.
Ijyb zaps a wand.
You are blasted!
You hit Ijyb.
Ijyb is moderately wounded.
Ijyb zaps a wand.
You struggle to resist.
You hit Ijyb.
Ijyb is moderately wounded.
You block Ijyb's attack. Ijyb blocks your attack.
Ijyb is moderately wounded.
Ijyb zaps a wand.
You are blasted!
A hobgoblin comes into view. It is wielding a club.
The hobgoblin shouts!
You hit Ijyb. Your headbutt misses Ijyb.
Ijyb is heavily wounded.
The hobgoblin moves out of view.
Ijyb zaps a wand.
You are blasted!
You die...

###### ......###
.(......########
....?......#...# #
..........#...# #
)........#..†# #
####'###.?...#...#######
......g@...).'...'.....'
####.#########...#######
##### # . ... ... ... .


You could see Ijyb.

Vanquished Creatures
  Grinder (D:3)
  A phantom (D:3)
  The ghost of Partyfoot the Slasher, an amateur TeGl (D:3)
  A centaur zombie (D:3)
  A bullfrog zombie (D:3)
  Crazy Yiuf (D:3)
  4 adders
  4 gnolls (D:2)
  An ooze (D:2)
  3 dart slugs
  2 leopard geckos
  An orc (D:3)
  A ball python (D:1)
  4 giant cockroaches
  12 hobgoblins
  4 jackals (D:2)
  6 kobolds
  2 quokkas
  5 bats
  3 frilled lizards
  6 goblins
  2 rats
66 creatures vanquished.

Notes
Turn   | Place    | Note
-------+----------+-------------------------------------------
     0 | D:1      | Gower739 the Minotaur Berserker began the quest for the Orb.
     0 | D:1      | Reached XP level 1. HP: 19/19 MP: 0/0
   241 | D:1      | Reached skill level 4 in Axes
   319 | D:1      | Reached XP level 2. HP: 18/27 MP: 1/1
   905 | D:2      | Reached XP level 3. HP: 31/33 MP: 2/2
  1034 | D:2      | Reached ** piety under Trog
  1096 | D:2      | Reached skill level 1 in Shields
  1136 | D:2      | Reached skill level 5 in Axes
  1136 | D:2      | Reached XP level 4. HP: 33/40 MP: 3/3
  1657 | D:3      | Noticed Partyfoot's ghost (amateur TeGl)
  1671 | D:3      | Killed Partyfoot's ghost
  1671 | D:3      | Reached XP level 5. HP: 42/47 MP: 4/4
  1699 | D:3      | Found a runed door.
  1725 | D:3      | Noticed Grinder
  1725 | D:3      | Noticed a phantom
  1745 | D:3      | Killed a phantom
  1745 | D:3      | Reached XP level 6. HP: 53/53 MP: 5/5
  1753 | D:3      | Paralysed by Grinder for 6 turns
  1768 | D:3      | Paralysed by Grinder for 3 turns
  1775 | D:3      | Killed Grinder
  1775 | D:3      | Reached skill level 6 in Axes
  1808 | D:3      | Noticed Crazy Yiuf
  1814 | D:3      | Killed Crazy Yiuf
  2081 | D:3      | Reached XP level 7. HP: 51/60 MP: 6/6
  2084 | D:3      | Reached *** piety under Trog
  2155 | D:3      | Reached skill level 7 in Axes
  2161 | D:3      | Noticed Ijyb
  2169 | D:3      | Blown up by Ijyb

Vault maps used:
D:1:      dpeg_arrival_tiny_g
D:2:      first_ration, kennysheep_generic_room_8
D:3:      uniq_ijyb, uniq_grinder, uniq_crazy_yiuf_cottage

Skill      XL: |  1  2  3  4  5  6  7 |
---------------+----------------------+-----
Axes           | 4 5 6 7 |  7.0
Fighting       | 4 |  4.6
Shields        | 1 2 3 |  3.9
Armour         | 3 4 |  4.1
Dodging        | 3 |  3.5
Stealth        | |  0.2

Action                   |  1- 3 |  4- 6 |  7- 9 || total
-------------------------+-------+-------+-------++-------
Melee: Hand axe          |    90 |   118 |    37 ||   245
       Headbutt          |    15 |    17 |     6 ||    38
Invok: Berserk           |     2 |       |       ||     2
  Use: Scroll            |     4 |     1 |       ||     5
       Potion            |     3 |     1 |       ||     4
  Eat: Ration            |     1 |     1 |       ||     2
       Chunk             |     1 |       |       ||     1
Armor: Animal skin       |     6 |       |       ||     6
       Scale mail        |    15 |    31 |    12 ||    58
       Leather armour    |     1 |       |       ||     1
Dodge: Dodged            |    36 |    21 |     7 ||    64
Block: Large shield      |    55 |    74 |    37 ||   166

Table legend:
 A = Spawn XP
 B = Non-spawn XP
 C = Spawn XP percentage of total XP
 D = Spawn monster count
 E = Non-spawn monster count
 F = Spawn count percentage of total count
 G = Total turns spent on level
                    A         B        C        D         E        F      G
               +---------+---------+-------+---------+---------+-------+---------
         Total |       0 |     837 |   0.0 |       0 |      66 |   0.0 |  2169
               +---------+---------+-------+---------+---------+-------+---------
           D:1 |       0 |      32 |   0.0 |       0 |      16 |   0.0 |   835
           D:2 |       0 |     137 |   0.0 |       0 |      31 |   0.0 |   818
           D:3 |       0 |     668 |   0.0 |       0 |      19 |   0.0 |   516
               +---------+---------+-------+---------+---------+-------+---------
